 Dungeon Crawl Stone Soup version 0.20-a0-731-gecde0bf (webtiles) character file.

333 nubinia the Conjurer (level 6, -1/34 HPs)
             Began as a Tengu Conjurer on Feb 22, 2017.
             Slain by an orc wizard
             ... wielding a +2 dagger of draining
              (2 damage)
             ... on level 4 of the Dungeon.
             The game lasted 00:16:53 (4147 turns).

nubinia the Conjurer (Tengu Conjurer)               Turns: 4147, Time: 00:16:54

Health: -1/34      AC:  2    Str: 10    XL:     6   Next: 52%
Magic:  9/11       EV: 12    Int: 17    God:    Xom [..*...]
Gold:   139        SH:  0    Dex: 15    Spells: 7/11 levels left

rFire    . . .     SeeInvis .   e - +0 short sword
rCold    . . .     Gourm    .   a - +0 robe
rNeg     . . .     Faith    .   (no shield)
rPois    .         Spirit   .   (helmet restricted)
rElec    .         Reflect  .   (no cloak)
rCorr    .         Harm     .   (no gloves)
MR       .....                  (boots unavailable)
Stlth    ++........             (no amulet)
Regen    0.2/turn               (no ring)
MPRegen  0.2/turn               g - +2 ring of strength

@: heavily drained
A: beak, talons 3, able to fly 1
a: Fly, Renounce Religion


You were on level 4 of the Dungeon.
You worshipped Xom.
You were a toy of Xom.
You were not hungry.

You visited 1 branch of the dungeon, and saw 4 of its levels.

You collected 139 gold pieces.

Inventory:

Hand Weapons
 e - a +0 short sword (weapon)
 h - a cursed +0 dagger
 n - a +2 halberd of chopping
Armour
 a - a +0 robe (worn)
Jewellery
 g - a +2 ring of strength (left hand)
Scrolls
 d - a scroll of amnesia {unknown}
 i - a scroll of remove curse
 k - a scroll of recharging {unknown}
 r - a scroll of immolation {unknown}
 t - a scroll of enchant weapon {unknown}
 u - a scroll of blinking {unknown}
 v - a scroll of magic mapping {unknown}
Potions
 f - a potion of agility {unknown}
 j - 2 potions of ambrosia
 m - a potion of invisibility
 o - a potion of mutation {unknown}
 p - a potion of heal wounds {unknown}
 q - a potion of flight {unknown}
 s - a potion of resistance
Books
 b - a book of Conjurations

   Spells                             Type                      Level
   a - Magic Dart                     Conjuration                  1
   b - Searing Ray                    Conjuration                  2
   c - Dazzling Spray                 Conjuration/Hexes            3
   d - Fulminant Prism                Conjuration/Hexes            4
   e - Force Lance                    Conjuration/Translocation    4
   f - Iskenderun's Mystic Blast      Conjuration                  4
Comestibles
 c - 2 bread rations
 l - a meat ration
 w - 3 chunks of flesh


   Skills:
 + Level 1.2(0.0) Fighting
 + Level 1.6(0.0) Short Blades
 + Level 3.0(1.2) Dodging
 + Level 3.5(1.7) Stealth
 + Level 3.3(1.5) Spellcasting
 + Level 7.3(5.3) Conjurations


You had 7 spell levels left.
You knew the following spells:

 Your Spells              Type           Power        Failure   Level  Hunger
a - Magic Dart            Conj           ###.         2%          1    ##.....
b - Dazzling Spray        Conj/Hex       ##....       21%         3    ####...


Dungeon Overview and Level Annotations

Branches:
Dungeon (4/15)
 Temple: D:4-7

Altars:
Dithmenos
Fedhas
Sif Muna
Xom

Annotations:
D:3 Grinder; graki42's ghost, amateur DECj


Innate Abilities, Weirdness & Mutations

You have a beak for a mouth.
You have claws for feet.
You can fly.


Message History

You feel drained.
You closely miss something. Something hits you.
You feel drained.
You miss something.
You hear some strange, mumbled words.
Something tries to affect you, but you resist.
You hit something. You claw something. Your peck misses something.
Something hits you.
You feel drained.
You miss something. You claw something. Something hits you.
You feel drained.
You miss something. Your kick misses something.
Something hits you but does no damage.
You feel drained.
You miss something. Your kick misses something. You peck something.
Something hits you.
* * * LOW HITPOINT WARNING * * *
You feel drained.
* * * LOW HITPOINT WARNING * * *
You hit something but do no damage. You peck something. Something hits you.
* * * LOW HITPOINT WARNING * * *
You feel drained.
You die... "What!?
That's it?"

#.# #.#.#
#.###..# ###...
.. #.....###..
....>
#####..#.# ..#.
#.#o# #...
#.#.##.#..# #
#.....>...#.##.
###.####{......
#....@....#
#######......
#####


There were no monsters in sight!

Vanquished Creatures
  4 orc wizards (D:4)
  8 adders
  5 gnolls
  An adder skeleton (D:4)
  A worm (D:2)
  3 dart slugs
  5 leopard geckos
  13 orcs
  10 bats
  2 giant cockroaches (D:2)
  3 goblins
  4 hobgoblins
  6 jackals
  2 ball pythons
  4 frilled lizards
  5 kobolds
  A quokka skeleton (D:4)
  5 rats
82 creatures vanquished.

Notes
Turn   | Place    | Note
-------+----------+-------------------------------------------
     0 | D:1      | nubinia the Tengu Conjurer began the quest for the Orb.
     0 | D:1      | Reached XP level 1. HP: 10/10 MP: 4/4
   371 | D:1      | Reached XP level 2. HP: 15/15 MP: 4/6
  1262 | D:2      | Reached skill level 6 in Conjurations
  1266 | D:2      | Reached XP level 3. HP: 15/19 MP: 2/7
  1271 | D:2      | Learned a level 3 spell: Dazzling Spray
  1671 | D:2      | Found a shadowy altar of Dithmenos.
  1671 | D:2      | Found a blossoming altar of Fedhas.
  1735 | D:2      | Found a faded altar of an unknown god.
  1737 | D:2      | Found a deep blue altar of Sif Muna.
  1742 | D:2      | Found a faded altar of an unknown god.
  1781 | D:2      | Became a worshipper of Xom of Chaos
  1835 | D:2      | Found a faded altar of an unknown god.
  1869 | D:2      | Reached XP level 4. HP: 24/24 MP: 4/8
  2083 | D:2      | XOM: silly message
  2265 | D:3      | XOM: harmless Ice miscast
  2292 | D:3      | Noticed graki42's ghost (amateur DECj)
  2337 | D:2      | XOM: potion effect (agility)
  2387 | D:1      | XOM: harmless Chrm miscast
  2488 | D:2      | Gained mutation: You can fly. [Tengu growth]
  2488 | D:2      | Reached XP level 5. HP: 28/28 MP: 5/9
  2503 | D:2      | XOM: potion effect (haste)
  2567 | D:2      | XOM: divination: detect items
  2738 | D:3      | Reached skill level 7 in Conjurations
  2773 | D:3      | XOM: divination: detect items
  2790 | D:3      | Noticed Grinder
  3204 | D:3      | XOM: divination: magic mapping
  3597 | D:3      | XOM: silly message
  3733 | D:2      | XOM: harmless Air miscast
  3873 | D:4      | Reached skill level 1 in Fighting
  3873 | D:4      | Reached skill level 1 in Short Blades
  3873 | D:4      | Reached XP level 6. HP: 34/34 MP: 6/11
  3985 | D:4      | XOM: enchant monster (good)
  4147 | D:4      | HP: 1/34 [something (4)]
  4147 | D:4      | Slain by an orc wizard

Vault maps used:
D:1:      dpeg_arrival_rooms_a
D:2:      chequers_temple_overflow_minitemple, chequers_ecumenical_altar_simple,
          minmay_cupped
D:3:      minmay_misc_feat_encased, kennysheep_potato, uniq_grinder
D:4:      first_bread, serial_shops, shop_fountains

Skill      XL: |  1  2  3  4  5 |
---------------+----------------+-----
Conjurations   | 6 7 |  7.3
Dodging        | 3 |  3.0
Stealth        | 3 |  3.5
Fighting       | 1 |  1.2
Short Blades   | 1 |  1.6
Spellcasting   | 3 |  3.3

Action                   |  1- 3 |  4- 6 || total
-------------------------+-------+-------++-------
Melee: Short sword       |    11 |    85 ||    96
       Peck              |     1 |    13 ||    14
       Kick              |       |    16 ||    16
 Cast: Magic Dart        |    47 |   123 ||   170
       Dazzling Spray    |     1 |     1 ||     2
 Abil: Fly               |       |     3 ||     3
  Use: Scroll            |     2 |     2 ||     4
 Stab: Sleeping          |     1 |     4 ||     5
       Distracted        |       |     1 ||     1
       Petrified         |       |     1 ||     1
  Eat: Chunk             |     4 |     8 ||    12
Armor: Robe              |     7 |    14 ||    21
Dodge: Dodged            |    10 |    48 ||    58
